AoeStats
← Emko

African Clearing

510788415Analyzed
2v2 RM · 1d ago on Oct 2, 2026· 60m 57s· 4 players
Game mode
Random Map
Map size
Medium (4 player)
Population
200
Speed
Normal
Resources
Standard
Victory
Conquest
Starting age
Dark Age
Ending age
Imperial Age
RankedLock teamsTeams togetherTeam positionsShared explorationLock speedFull tech treeHidden civsTurbo modeCheats
Victory
Defeat
🇵🇪 Huns · Peru
911
+13
🇦🇷 Tatars · Argentina
892
+14
🇸🇰 Vietnamese · Slovakia
850
-14
🇸🇰 Huns · Slovakia
844
-13
toxic-mushroom
7:30 Loom
15:18 Feudal Age
16:02 Double-Bit Axe
17:47 Horse Collar
24:46 Castle Age
24:36 Wheelbarrow
26:11 Padded Archer Armor
27:07 Gold Mining
28:31 Fletching
29:00 Bow Saw
28:57 Heavy Plow
32:09 Husbandry
32:20 Bloodlines
35:25 Gold Shaft Mining
35:28 Leather Archer Armor
35:09 Bodkin Arrow
39:30 Imperial Age
37:32 Ballistics
39:15 Hand Cart
38:46 Town Watch
41:16 Town Patrol
41:51 Ring Archer Armor
41:21 Bracer
41:23 Heavy Cavalry Archer
42:12 Stone Mining
44:08 Silk Armor
44:02 Light Cavalry
44:51 Scale Barding Armor
46:10 Timurid Siegecraft
46:31 Hussar
48:03 Conscription
52:59 Chemistry
51:56 Murder Holes
52:08 Siege Engineers
Lion10K
3:12 Loom
12:12 Feudal Age
19:54 Castle Age
18:17 Stone Mining
19:39 Fletching
20:38 Bodkin Arrow
22:44 Double-Bit Axe
30:13 Wheelbarrow
34:18 Hand Cart
35:09 Horse Collar
36:48 Forging
38:28 Heavy Plow
38:42 Town Watch
41:16 Marauders
41:29 Town Patrol
41:42 Bow Saw
42:27 Squires
45:36 Iron Casting
47:57 Light Cavalry
48:40 Husbandry
48:52 Bloodlines
52:02 Imperial Age
51:20 Scale Barding Armor
52:15 Hussar
53:21 Chain Barding Armor
54:03 Blast Furnace
57:23 Pikeman
58:32 Conscription
59:09 Elite Tarkan
60:56 Plate Barding Armor
60:24 Bracer
60:27 Scale Mail Armor
TheWeirdStranger
3:33 Loom
18:35 Feudal Age
19:09 Man-at-Arms
22:04 Scale Mail Armor
27:13 Wheelbarrow
28:34 Horse Collar
31:22 Castle Age
35:25 Horse Collar
35:32 Double-Bit Axe
38:21 Hand Cart
38:22 Forging
38:27 Chain Mail Armor
38:15 Heavy Plow
39:11 Squires
40:39 Ballistics
40:15 Stone Mining
41:02 Iron Casting
41:07 Chatras
46:28 Imperial Age
44:17 Bow Saw
44:38 Arson
45:08 Fortified Wall
47:48 Crop Rotation
47:52 Plate Mail Armor
48:39 Two-Man Saw
48:17 Murder Holes
49:57 Paper Money
51:49 Chemistry
51:00 Masonry
51:47 Fletching
51:57 Padded Archer Armor
52:52 Hoardings
52:13 Elite Fire Lancer
54:28 Elite Rattan Archer
55:08 Bodkin Arrow
55:28 Leather Archer Armor
56:10 Bracer
Emko
3:19 Loom
13:03 Feudal Age
13:36 Arson
14:16 Man-at-Arms
24:46 Double-Bit Axe
25:42 Horse Collar
34:45 Castle Age
34:30 Gold Mining
35:59 Heavy Plow
38:10 Husbandry
38:21 Bloodlines
39:28 Forging
42:26 Marauders
46:00 Imperial Age
44:19 Scale Barding Armor
44:50 Iron Casting
45:15 Wheelbarrow
44:44 Stone Mining
46:03 Bow Saw
47:44 Blast Furnace
47:05 Chain Barding Armor
46:09 Cavalier
48:53 Gold Shaft Mining
49:20 Two-Man Saw
48:21 Light Cavalry
50:07 Parthian Tactics
50:46 Plate Barding Armor
50:40 Fletching
50:50 Padded Archer Armor
50:44 Heavy Cavalry Archer
54:14 Thumb Ring
55:43 Ballistics
57:19 Chemistry
56:16 Murder Holes
58:48 Bodkin Arrow
59:09 Leather Archer Armor
Connection lost

Rejoining the realm…

Still unreachable

The connection could not be restored.

Session expired

The server has moved on; the page needs a fresh start.